 Dungeon Crawl Stone Soup version 0.16-a0-1970-g0967df0 (webtiles) character file.

15213 timbw the Summoner (level 12, -7/74 HPs)
             Began as a Human Summoner on Nov 8, 2014.
             Was the Champion of Sif Muna.
             Splashed by an oklob plant's acid (9 damage)
             ... on level 8 of the Lair of Beasts.
             The game lasted 00:51:15 (7586 turns).

timbw the Summoner (Human Summoner)                 Turns: 7586, Time: 00:51:45

Health: -7/74      AC: 13    Str:  8    XL:     12   Next: 54%
Magic:  27/32      EV: 11    Int: 21    God:    Sif Muna [******]
Gold:   691        SH:  0    Dex: 15    Spells: 9 memorised, 12 levels left

rFire  x . .     SeeInvis +     S - -2 battleaxe of Fee Simple {elec, rPois rF- Int+1 SInv}
rCold  . . .     Clarity  .     G - +1 troll leather armour
rNeg   . . .     SustAb   .     (no shield)
rPois  +         Gourm    .     z - +1 hat
rElec  .         Spirit   .     C - +1 cloak
rCorr  .         Warding  .     (no gloves)
rMut   .         Stasis   .     R - +0 pair of boots
MR     .....                    (no amulet)
Stlth  ++........               m - ring of wizardry
                                h - +4 ring of protection

@: not resistant to hostile enchantments, unstealthy
A: no striking features
a: Channel Energy, Forget Spell, Renounce Religion


You were on level 8 of the Lair of Beasts.
You worshipped Sif Muna.
Sif Muna was exalted by your worship.
You were not hungry.

You visited 2 branches of the dungeon, and saw 18 of its levels.

You collected 691 gold pieces.

Inventory:

Hand weapons
 i - a +2 dagger of venom
 u - a +0 blowgun
 S - the -2 battleaxe of Fee Simple (weapon) {elec, rPois rF- Int+1 SInv}
   (You found it on level 5 of the Lair of Beasts)

   Occasionally, upon striking a foe, it will discharge some electrical energy
   and cause terrible harm.
   It affects your intelligence (+1).
   It makes you vulnerable to fire.
   It protects you from poison.
   It enhances your eyesight.
Missiles
 v - 14 poisoned needles
 E - 3 throwing nets (quivered)
Armour
 a - a +0 robe
 f - a +0 leather armour
 z - a +1 hat (worn)
 C - a +1 cloak (worn)
 G - a +1 troll leather armour (worn)
 R - a +0 pair of boots (worn)
Jewellery
 h - a +4 ring of protection (left hand)
 m - a ring of wizardry (right hand)
 L - an uncursed ring of fire
Magical devices
 l - a wand of magic darts (22)
 x - a wand of frost (18)
 y - a wand of magic darts (13)
 H - a wand of polymorph (8)
 J - a wand of confusion (8)
Scrolls
 n - 3 scrolls of remove curse
 A - 3 scrolls of immolation
 N - 2 scrolls of teleportation
Potions
 d - 2 potions of might
 e - a potion of cure mutation
 g - 3 potions of lignification
 k - 2 potions of poison
 o - a potion of haste
 q - 3 potions of restore abilities
 r - a potion of brilliance
 t - 3 potions of curing
 w - a potion of heal wounds
 M - a potion of resistance {unknown}
 P - a potion of magic {unknown}
 Q - a potion of beneficial mutation {unknown}
Books
 b - a book of Callings

   Spells                             Type                      Level
   *Summon Small Mammal               Summoning                    1
   *Call Imp                          Summoning                    2
   *Call Canine Familiar              Summoning                    3
   Summon Guardian Golem              Hexes/Summoning              4
   *Summon Lightning Spire            Summoning/Air                4
   *Summon Ice Beast                  Ice/Summoning                4
 s - a book of Hinderance

   Spells                             Type                      Level
   Confusing Touch                    Hexes                        2
   Confuse                            Hexes                        3
   Petrify                            Transmutation/Earth          4
   Leda's Liquefaction                Hexes/Earth                  4
   Metabolic Englaciation             Hexes/Ice                    5
   *Summon Mana Viper                 Hexes/Summoning              5
 B - a book of the Earth

   Spells                             Type                      Level
   Leda's Liquefaction                Hexes/Earth                  4
   Bolt of Magma                      Conjuration/Fire/Earth       5
   Statue Form                        Transmutation/Earth          6
   Iron Shot                          Conjuration/Earth            6
   Shatter                            Earth                        9
 D - Icsukh's Papyrus of Companions
   (Sif Muna gifted it to you on level 7 of the Lair of Beasts)

   Spells                             Type                      Level
   Recall                             Summoning/Translocation      3
   *Summon Ice Beast                  Ice/Summoning                4
   Forceful Dismissal                 Summoning                    6
   Spellforged Servitor               Conjuration/Summoning        7
 I - a book of Debilitation

   Spells                             Type                      Level
   *Corona                            Hexes                        1
   Slow                               Hexes                        2
   Inner Flame                        Hexes/Fire                   3
   Enslavement                        Hexes                        4
   Cause Fear                         Hexes                        4
   Leda's Liquefaction                Hexes/Earth                  4
 T - a book of Cantrips

   Spells                             Type                      Level
   *Corona                            Hexes                        1
   *Animate Skeleton                  Necromancy                   1
   *Summon Small Mammal               Summoning                    1
   *Apportation                       Translocation                1
Comestibles
 c - 4 bread rations
 j - 2 fruits
 p - 5 meat rations
 F - a royal jelly
 K - 3 beef jerkies
 O - 4 poisonous chunks of flesh


   Skills:
 - Level 2.0 Dodging
 - Level 2.0 Stealth
 + Level 11.6 Spellcasting
 + Level 12.8 Summonings
 - Level 9.1 Invocations


You had 12 spell levels left.
You knew the following spells:

 Your Spells              Type           Power        Failure   Level  Hunger
a - Summon Small Mammal   Summ           ####         1%          1    None
b - Call Imp              Summ           ######..     1%          2    None
c - Call Canine Familiar  Summ           ######..     1%          3    None
d - Summon Lightning Spi  Summ/Air       #####...     1%          4    #......
e - Summon Ice Beast      Ice/Summ       #####...     1%          4    #......
f - Summon Mana Viper     Hex/Summ       #####...     6%          5    ####...
g - Corona                Hex            ##.....      3%          1    None
h - Animate Skeleton      Necr           N/A          3%          1    None
i - Apportation           Tloc           ##........   3%          1    None


Dungeon Overview and Level Annotations

Branches:
Dungeon (10/15)              Lair (8/8) D:9          Shoals (0/5) Lair:5
 Spider (0/5) Lair:5
 Temple: D:4-7        Slime: Lair:6-8       Orc: D:9-12

Altars:
Cheibriados
Elyvilon
Gozag
Ru
Sif Muna
Trog

Shops:
D:4 =

Annotations:
D:3 Terence
D:4 timbw's ghost, average HESu
Lair:8 exclusion: oklob plant


Message History

You feel sick.
You feel sick.
There is a stone staircase leading down here.
You feel sick.
You are no longer poisoned.
You climb downwards.
Your summoned ally is left behind.
Marking area around the oklob plant as unsafe for travelling. 6 death yaks, 3 elephants and an oklob plant come into view.
The death yak bellows! x3
The elephant trumpets!
The death yak bellows!
The elephant trumpets!
Found a scroll of enchant armour and a glaive.
Found a stone staircase leading up.
There is a stone staircase leading up here.
The death yak gores you!!
* * * LOW HITPOINT WARNING * * *
The death yak gores you!!
* * * LOW HITPOINT WARNING * * *
The oklob plant spits acid at you. The splash of acid hits you!
The acid burns!
You die...

#.# #........
#.#........
.P...........
...............
...........?...
...............
.................
.Y...P.P@.....P..
....PPPY.Y.Y.....
.....YPP.......
Y.Y.....Y..<...
.Y..#P....)....
YPP#...Y..... .
.........
P........ ...


You could see 8 death yaks, 3 elephants and an oklob plant.

Vanquished Creatures
  A blink frog (Lair:6)
  2 yaks (Lair:6)
  A hippogriff (Lair:5)
  A porcupine (Lair:5)
  A soldier ant (Lair:2)
  A crocodile (Lair:3)
  An orc priest (D:3)
  An iguana (Lair:5)
  2 worker ants
  2 green rats (Lair:3)
  A gnoll (D:5)
  3 adders
  An orc (D:5)
  A ball python (D:2)
  2 bats
  3 hobgoblins
  6 kobolds
  3 quokkas
  A giant newt (D:2)
  A hobgoblin skeleton (D:9)
  4 rats
  2 ballistomycetes (D:10)
41 creatures vanquished.

Vanquished Creatures (collateral kills)
  Rupert (Lair:3)
  Harold (Lair:7)
  2 hydras
  A catoblepas (Lair:6)
  A hill giant (D:10)
  5 black mambas
  5 elephants (Lair:6)
  A queen ant (Lair:2)
  11 spiny frogs
  A torpor snail (Lair:4)
  6 komodo dragons
  A troll (D:10)
  A two-headed ogre (D:8)
  9 blink frogs
  A basilisk (Lair:2)
  4 trapdoor spiders (Lair:5)
  29 yaks
  A wyvern (Lair:2)
  5 hippogriffs
  A hill giant skeleton (D:9)
  7 water moccasins
  5 wolves (Lair:3)
  An orc warrior (D:9)
  A hungry ghost (D:7)
  4 soldier ants (Lair:2)
  3 porcupines
  4 centaurs
  2 black bears
  6 crocodiles
  7 ogres
  12 giant frogs
  A big kobold (D:8)
  A wyvern zombie (D:8)
  A hippogriff zombie (D:7)
  A killer bee (D:10)
  3 crimson imps
  12 wights
  2 goliath beetles
  5 hounds
  2 jellies
  A centaur zombie (D:9)
  A two-headed ogre zombie (D:9)
  A centaur skeleton (D:3)
  21 worker ants
  4 iguanas
  13 sheep
  Ijyb (D:2)
  A lightning spire (Lair:4)
  An orc zombie (D:10)
  5 adders
  6 gnolls (D:4)
  A shadow imp (D:9)
  58 green rats
  A goliath beetle zombie (D:5)
  A giant gecko (D:7)
  9 orcs
  A ball python (D:4)
  A bat skeleton (D:4)
  4 goblins
  4 hobgoblins
  7 jackals
  12 kobolds
  6 bats
  4 giant newts
  2 goblin skeletons
  A kobold zombie (D:6)
  2 orc skeletons
  6 quokkas
  3 rats
  A sheep skeleton (Lair:6)
  A ballistomycete (D:10)
  5 fungi
  A plant (Lair:7)
353 creatures vanquished.

Vanquished Creatures (others)
  3 mana vipers
  7 wolves
  52 ice beasts
  2 crimson imps
  13 hounds
  2 iron imps
  3 white imps
  7 lightning spires
  4 quokkas (D:8)
  5 bats
  2 black mamba skeletons
  6 blink frog skeletons
  A crocodile skeleton (Lair:6)
  2 giant spores (D:10)
  11 green rat skeletons (Lair:6)
  3 rats
  2 sheep skeletons (Lair:6)
  2 spiny frog skeletons
  A water moccasin skeleton (Lair:6)
  5 yak skeletons (Lair:6)
  3 fungi
136 creatures vanquished.

Grand Total: 530 creatures vanquished

Notes
Turn   | Place    | Note
--------------------------------------------------------------
     0 | D:1      | timbw, the Human Summoner, began the quest for the Orb.
     0 | D:1      | Reached XP level 1. HP: 13/13 MP: 3/3
   205 | D:2      | Reached XP level 2. HP: 8/19 MP: 1/5
   211 | D:2      | Learned a level 2 spell: Call Imp
   280 | D:3      | Reached XP level 3. HP: 7/24 MP: 1/6
   357 | D:3      | Learned a level 3 spell: Call Canine Familiar
   379 | D:4      | Noticed an ogre
   405 | D:3      | Noticed Terence
   471 | D:2      | Noticed Ijyb
   483 | D:2      | Killed Ijyb
   483 | D:2      | Reached XP level 4. HP: 30/30 MP: 1/9
   697 | D:4      | Noticed timbw's ghost (average HESu)
   724 | D:5      | Entered Level 5 of the Dungeon
   733 | D:5      | Reached skill level 5 in Summonings
   993 | D:4      | Reached XP level 5. HP: 35/35 MP: 1/11
  1008 | D:4      | Found Pous' Jewellery Boutique.
  1390 | D:5      | Noticed an ogre
  1405 | D:5      | Killed an ogre
  1479 | D:5      | Reached XP level 6. HP: 33/41 MP: 9/15
  1533 | D:5      | Learned a level 4 spell: Summon Lightning Spire
  1553 | D:5      | Found a white marble altar of Elyvilon.
  1566 | D:5      | Found a deep blue altar of Sif Muna.
  1571 | D:5      | Became a worshipper of Sif Muna the Loreminder
  1586 | D:5      | Found an opulent altar of Gozag.
  2132 | D:7      | Reached skill level 6 in Summonings
  2143 | D:7      | Learned a level 4 spell: Summon Ice Beast
  2166 | D:7      | Noticed a hungry ghost
  2179 | D:7      | Killed a hungry ghost
  2179 | D:7      | Reached XP level 7. HP: 46/46 MP: 6/18
  2242 | D:8      | Noticed a two-headed ogre
  2245 | D:8      | Reached skill level 5 in Spellcasting
  2255 | D:8      | Killed a two-headed ogre
  2255 | D:8      | Acquired Sif Muna's first power
  2311 | D:8      | Reached skill level 1 in Invocations
  2379 | D:8      | Reached XP level 8. HP: 45/52 MP: 18/20
  2538 | D:8      | Reached skill level 7 in Summonings
  2872 | D:9      | Found a staircase to the Lair.
  2972 | D:9      | Found a bloodstained altar of Trog.
  3103 | D:9      | Acquired Sif Muna's second power
  3131 | D:9      | Found a snail-covered altar of Cheibriados.
  3135 | D:9      | Found a sacrificial altar of Ru.
  3285 | D:10     | Entered Level 10 of the Dungeon
  3366 | D:10     | Reached XP level 9. HP: 37/57 MP: 16/23
  3408 | D:10     | Reached skill level 8 in Summonings
  3566 | D:10     | Noticed a hill giant
  3573 | D:10     | Killed a hill giant
  3573 | D:10     | Reached skill level 5 in Invocations
  3768 | D:10     | Noticed a troll
  3778 | D:10     | Killed a troll
  3882 | Lair:1   | Entered Level 1 of the Lair of Beasts
  3923 | Lair:1   | Noticed a komodo dragon
  3935 | Lair:1   | Killed a komodo dragon
  4072 | Lair:1   | Noticed a five-headed hydra
  4087 | Lair:1   | Killed a five-headed hydra
  4087 | Lair:1   | Reached skill level 9 in Summonings
  4173 | Lair:1   | Reached XP level 10. HP: 63/63 MP: 11/25
  4346 | Lair:1   | Noticed a komodo dragon
  4357 | Lair:1   | Killed a komodo dragon
  4370 | Lair:1   | Noticed a spiny frog
  4397 | Lair:2   | Noticed a spiny frog
  4403 | Lair:2   | Killed a spiny frog
  4520 | Lair:2   | Learned a level 5 spell: Summon Mana Viper
  4522 | Lair:2   | Learned a level 1 spell: Corona
  4564 | Lair:2   | Acquired Sif Muna's third power
  4682 | Lair:2   | Noticed a spiny frog
  4690 | Lair:2   | Killed a spiny frog
  4807 | Lair:2   | Reached skill level 10 in Summonings
  4944 | Lair:2   | Noticed a queen ant
  4954 | Lair:2   | Killed a queen ant
  5152 | Lair:3   | Reached XP level 11. HP: 65/68 MP: 21/28
  5270 | Lair:3   | Noticed a spiny frog
  5291 | Lair:3   | Killed a spiny frog
  5342 | Lair:3   | Noticed Rupert
  5383 | Lair:3   | Killed Rupert
  5523 | Lair:4   | Reached skill level 11 in Summonings
  5785 | Lair:4   | Reached skill level 10 in Spellcasting
  6227 | Lair:5   | Found a hole to the Spider Nest.
  6282 | Lair:5   | Found a staircase to the Shoals.
  6409 | Lair:5   | Got a steaming battleaxe
  6410 | Lair:5   | Identified the cursed -2 battleaxe of Fee Simple {elec, rPois rF- Int+1 SInv} (You found it on level 5 of the Lair of Beasts)
  6556 | Lair:6   | Received a gift from Sif Muna
  6600 | Lair:6   | Learned a level 1 spell: Animate Skeleton
  6602 | Lair:6   | Learned a level 1 spell: Apportation
  6846 | Lair:6   | Reached XP level 12. HP: 74/74 MP: 21/31
  6862 | Lair:6   | Reached skill level 12 in Summonings
  6896 | Lair:6   | Noticed a catoblepas
  6947 | Lair:6   | Killed a catoblepas
  7171 | Lair:6   | Noticed a four-headed hydra
  7182 | Lair:6   | Killed a four-headed hydra
  7442 | Lair:7   | Noticed Harold
  7456 | Lair:7   | Killed Harold
  7547 | Lair:7   | Received a gift from Sif Muna
  7548 | Lair:7   | Identified Icsukh's Papyrus of Companions (Sif Muna gifted it to you on level 7 of the Lair of Beasts)
  7585 | Lair:8   | Entered Level 8 of the Lair of Beasts
  7585 | Lair:8   | Noticed a death yak
  7585 | Lair:8   | Noticed a death yak
  7585 | Lair:8   | Noticed a death yak
  7585 | Lair:8   | Noticed a death yak
  7585 | Lair:8   | Noticed a death yak
  7585 | Lair:8   | Noticed a death yak
  7586 | Lair:8   | HP: 2/74 [death yak (18)]
  7586 | Lair:8   | Splashed by an oklob plant's acid

Action                   |  1- 3 |  4- 6 |  7- 9 | 10-12 || total
-------------------------+-------+-------+-------+-------++-------
Melee: Dagger            |    29 |    52 |    76 |    71 ||   228
       Unarmed           |     8 |       |       |       ||     8
       Battleaxe         |       |       |       |     9 ||     9
 Cast: Summon Small Mamm |     9 |     4 |     4 |     5 ||    22
       Call Imp          |     6 |    40 |     4 |       ||    50
       Call Canine Famil |     2 |    22 |     9 |    10 ||    43
       Summon Ice Beast  |       |       |    80 |   179 ||   259
       Summon Lightning  |       |       |    11 |    27 ||    38
       Summon Mana Viper |       |       |       |    43 ||    43
       Animate Skeleton  |       |       |       |    31 ||    31
Invok: Channel Energy    |       |       |    97 |   226 ||   323
  Use: Scroll            |     3 |     3 |     9 |     9 ||    24
       Potion            |       |       |       |     2 ||     2
 Stab: Distracted        |     1 |     1 |     2 |     1 ||     5
  Eat: Chunk             |       |     5 |    26 |    59 ||    90
       Fruit             |       |     1 |     7 |     7 ||    15
       Bread ration      |       |     1 |       |     1 ||     2
       Royal jelly       |       |       |     1 |       ||     1
